Map: Blueshift LE

Players

Duck - Winner!

  • Race: Zerg Zerg
  • League: Diamond
  • Spawn Location: 7:00

RENDER

  • Race: Terran Terran
  • League: Diamond
  • Spawn Location: 1:00

VOD

Have the link to the VOD?

Description

Time

  • Played on: Sept. 21, 2018, 9:32 p.m.
  • Length: 14:10
Show
View Real Time Build Order
Export as new Build Order

Duck Zerg - Winner!

Build Orders: Hatch First 

Get SALT Encoding   

  12  0:01  Drone  
  13  0:12  Overlord  
  13  0:16  Drone  
  14  0:32  Drone x2  
  14  0:35  Drone  
  17  0:54  Hatchery  
  17  0:57  Drone  
  17  0:59  Drone  
  18  1:11  Extractor  
  18  1:14  Spawning Pool  
  18  1:16  Drone  
  17  1:21  Drone  
  18  1:30  Drone  
  19  1:40  Overlord  
  19  1:59  Overlord  
  19  2:04  Queen  
  19  2:06  Queen  
  23  2:09  Zergling x4  
  25  2:16  Metabolic Boost  
  25  2:18  Drone x2  
  27  2:24  Drone  
  28  2:32  Drone  
  28  3:06  Drone x2  
  28  3:07  Drone  
  28  3:08  Hatchery  
  29  3:19  Overlord  
  29  3:21  Drone x3  
  29  3:22  Queen x2, Drone  
  37  3:30  Zergling x2  
  37  3:31  Zergling x4  
  40  3:35  Drone  
  40  3:36  Drone x2  
  43  3:44  Drone x2  
  47  3:55  Drone x2  
  47  4:13  Drone x4  
  51  4:20  Zergling x2  
  51  4:21  Zergling x2  
  51  4:23  Zergling x4  
  55  4:41  Zergling x2  
  55  4:42  Zergling x2  
  53  5:02  Lair, Baneling Nest  
  53  5:03  Drone x3  
  53  5:04  Evolution Chamber, Drone x2  
  53  5:05  Overlord x4  
  53  5:06  Overlord  
  56  5:19  Drone  
  57  5:25  Extractor  
  56  5:31  Spore Crawler  
  50  5:45  Zergling x2  
  50  5:46  Zergling x32  
  65  5:51  Zerg Ground Armor Level 1  
  65  5:57  Baneling  
  65  6:00  Baneling x4  
  65  6:03  Drone  
  65  6:04  Drone x3  
  69  6:07  Extractor  
  69  6:08  Extractor, Drone x2  
  69  6:09  Drone x3  
  72  6:14  Queen x2  
  72  6:15  Queen  
  78  6:18  Spore Crawler  
  78  6:19  Drone x5  
  78  6:21  Drone  
  78  6:22  Drone  
  84  6:37  Centrifical Hooks  
  84  6:38  Drone x3  
  88  6:40  Drone x2  
  88  6:41  Overlord x3  
  88  6:42  Overlord  
  89  6:47  Extractor  
  89  6:52  Zergling x2  
  89  6:55  Overlord x5  
  89  7:00  Drone  
  89  7:01  Hatchery  
  89  7:02  Drone x3  
  92  7:14  Overseer  
  92  7:19  Overlord x3  
  92  7:28  Hydralisk Den  
  92  7:29  Zergling x12  
  101  7:30  Zergling x8  
  101  7:32  Baneling x5  
  101  7:33  Baneling  
  101  7:47  Hatchery  
  101  7:49  Drone x3  
  103  7:53  Evolution Chamber  
  103  7:55  Drone x3  
  105  8:00  Drone x3  
  105  8:02  Drone x6  
  114  8:10  Zerg Ground Armor Level 2  
  114  8:18  Infestation Pit  
  114  8:19  Zergling x4  
  118  8:20  Zergling x8  
  119  8:27  Zergling x2  
  119  8:28  Zergling x10  
  119  8:31  Baneling x6  
  119  8:32  Zergling x6  
  119  8:33  Zergling x8  
  132  8:39  Drone x2  
  134  8:43  Pneumatized Carapace  
  134  9:06  Queen x2  
  134  9:08  Hydralisk  
  134  9:09  Hydralisk x15  
  167  9:15  Zerg Melee Weapons Level 1  
  167  9:21  Drone x2  
  167  9:22  Drone x3  
  172  9:28  Extractor  
  172  9:30  Extractor  
  170  9:33  Zergling x12  
  170  9:34  Zergling x12  
  170  9:36  Overlord  
  170  9:37  Overlord x3  
  182  9:41  Extractor  
  181  9:47  Grooved Spines  
  181  9:59  Zergling x26  
  198  10:00  Zergling x10  
  198  10:04  Baneling x5  
  198  10:05  Baneling x5  
  199  10:20  Drone  
  199  10:21  Spire  
  199  10:28  Zergling x4  
  178  10:29  Zergling x32  
  183  10:39  Hydralisk x5  
  193  10:46  Hive  
  193  10:48  Zerg Missile Weapons Level 1  
  173  10:58  Muscular Augments  
  173  10:59  Zergling x2  
  173  11:00  Zergling x26  
  143  11:12  Zergling x4  
  143  11:13  Zergling x8  
  139  11:20  Zergling x6  
  139  11:21  Zergling x10  
  143  11:27  Baneling x6  
  143  11:28  Baneling  
  143  11:41  Overlord x5  
  143  11:46  Baneling  
  143  11:50  Zergling x2  
  143  11:51  Zergling x22  
  155  11:54  Hatchery  
  155  11:59  Adrenal Glands  
  155  12:01  Zergling x12  
  160  12:24  Zergling x22  
  160  12:25  Zergling x6  
  160  12:28  Baneling x5  
  174  12:48  Hydralisk x8  
  174  12:49  Hydralisk  
  192  13:00  Baneling x5  
  178  13:22  Zergling x18  
  178  13:23  Zergling x30  
  178  13:24  Zergling x2  
  177  13:31  Zergling x12  
  176  13:36  Zergling x2  
  176  13:37  Zergling x8  
  168  13:51  Ultralisk Cavern  
Show
View Real Time Build Order
Export as new Build Order

RENDER Terran 

Build Orders: Bio Tank 

Get SALT Encoding   

  12  0:02  SCV  
  13  0:14  SCV  
  14  0:19  Supply Depot  
  14  0:26  SCV  
  15  0:29  Refinery  
  15  0:41  SCV  
  16  0:49  Barracks  
  16  0:53  SCV  
  17  1:05  SCV  
  18  1:17  SCV  
  19  1:29  SCV  
  20  1:38  Reaper  
  21  1:42  Orbital Command  
  21  1:50  Command Center  
  21  2:04  Factory  
  21  2:07  SCV  
  22  2:18  Marine  
  22  2:22  Supply Depot  
  23  2:27  Refinery  
  23  2:37  Barracks Reactor  
  23  2:44  SCV  
  24  3:06  SCV  
  24  3:07  Orbital Command  
  25  3:20  SCV  
  25  3:21  Barracks Tech Lab  
  25  3:23  Starport, Hellion x2  
  25  3:25  Supply Depot  
  30  3:32  SCV  
  30  3:33  SCV  
  32  3:41  Stimpack  
  32  3:44  SCV  
  32  3:45  Hellion x2  
  37  3:50  Marine  
  37  3:51  SCV  
  39  3:56  SCV  
  39  3:59  Supply Depot  
  39  4:03  SCV  
  39  4:06  Hellion x2  
  39  4:09  SCV  
  45  4:14  Supply Depot  
  45  4:18  SCV  
  45  4:21  SCV  
  47  4:25  Marine  
  47  4:30  SCV, Bunker  
  49  4:33  SCV  
  50  4:42  SCV  
  50  4:45  Factory Tech Lab, Command Center  
  47  4:54  Marine  
  47  4:55  Medivac  
  47  4:58  SCV  
  47  5:02  Barracks  
  47  5:04  Barracks  
  47  5:07  Siege Tank, SCV  
  47  5:12  Marine  
  52  5:18  SCV  
  53  5:22  Refinery  
  53  5:23  Refinery  
  53  5:29  Viking, Marine  
  53  5:30  SCV  
  57  5:39  SCV  
  58  5:49  SCV  
  59  5:52  SCV  
  59  5:53  Marine  
  59  5:54  Barracks Reactor, Marine  
  59  5:55  Siege Tank  
  65  5:59  Engineering Bay, Barracks  
  65  6:00  Engineering Bay  
  65  6:01  SCV, Barracks  
  65  6:03  Supply Depot  
  66  6:04  SCV  
  66  6:10  Medivac  
  69  6:13  Marine  
  69  6:14  Combat Shields, SCV  
  69  6:15  Marine  
  69  6:17  SCV  
  73  6:24  Supply Depot  
  73  6:26  SCV  
  73  6:29  Terran Infantry Armor Level 1  
  73  6:30  Terran Infantry Weapons Level 1, Marine x2  
  76  6:39  Marine  
  77  6:40  SCV  
  77  6:42  Orbital Command  
  77  6:44  SCV  
  79  6:52  SCV  
  79  6:53  Supply Depot  
  80  6:54  Marine x2, Supply Depot  
  80  6:55  Barracks Reactor x2  
  80  6:56  SCV  
  83  7:04  SCV  
  83  7:08  Marine x2, SCV  
  84  7:09  Siege Tank  
  84  7:13  Armory  
  90  7:15  SCV  
  90  7:16  SCV  
  90  7:20  SCV  
  90  7:22  Marine x2  
  93  7:27  Supply Depot x2, SCV  
  93  7:28  SCV  
  97  7:32  SCV  
  97  7:34  Marine x4  
  102  7:37  Marine  
  102  7:40  Marine x2, SCV x2  
  102  7:41  Marine  
  102  7:42  Siege Tank, Marine  
  112  7:44  SCV  
  112  7:51  Supply Depot x2  
  113  7:52  Marine  
  113  7:54  Supply Depot  
  113  7:58  Marine  
  114  7:59  Marine x4  
  114  8:05  SCV x2  
  121  8:07  Marine  
  121  8:09  SCV  
  121  8:10  Marine  
  121  8:11  Barracks Reactor  
  124  8:14  Refinery  
  124  8:15  Missile Turret, Refinery  
  124  8:16  Supply Depot  
  124  8:17  SCV  
  125  8:20  SCV  
  125  8:26  Siege Tank  
  129  8:27  Medivac x2  
  129  8:29  Terran Infantry Weapons Level 2  
  129  8:30  Terran Infantry Armor Level 2  
  129  8:31  Factory  
  133  8:39  Supply Depot  
  133  8:41  SCV  
  134  8:48  SCV  
  134  8:50  Marine x7  
  142  8:56  Terran Vehicle Weapons Level 1, SCV x2  
  142  8:57  Barracks  
  142  8:58  Barracks  
  142  9:00  Barracks  
  142  9:01  SCV  
  145  9:09  Marine x2  
  145  9:14  Marine  
  145  9:16  Marine x3  
  147  9:20  Factory Tech Lab  
  147  9:23  Factory Tech Lab  
  147  9:25  Siege Tank  
  147  9:26  Marine  
  151  9:36  Marine x8, Command Center  
  159  9:41  Siege Tank  
  159  9:44  Marine  
  163  9:46  Supply Depot  
  163  9:47  Supply Depot  
  163  9:48  Barracks Reactor, Barracks Tech Lab  
  163  9:49  Barracks Tech Lab, Supply Depot  
  163  9:54  Marine x4  
  163  9:57  Siege Tank  
  163  9:58  Marine  
  171  10:00  Marine x2  
  173  10:08  Marine x2  
  173  10:09  Sensor Tower  
  173  10:11  Marine  
  173  10:12  Marine x4  
  180  10:16  Marine  
  150  10:30  Marine x3  
  150  10:32  Marine  
  150  10:33  Marine x8  
  150  10:34  Marine  
  150  10:35  Siege Tank x2  
  138  10:48  Marine x3  
  138  10:50  Marine  
  138  10:51  Marine x4  
  138  10:52  Marauder  
  138  10:53  Marauder  
  138  10:54  Terran Infantry Weapons Level 3  
  125  11:07  Siege Tank  
  115  11:12  Marine  
  112  11:19  Marine x2  
  112  11:20  Siege Tank  
  116  11:26  Marine x2  
  116  11:28  Marine  
  116  11:29  Marine x3  
  122  11:35  Marine x3  
  122  11:39  Siege Tank  
  128  11:41  Missile Turret x2  
  128  11:43  Refinery  
  128  11:44  Refinery  
  128  11:46  Marine x3  
  132  11:48  Marine  
  132  11:49  Marine  
  132  11:50  Marauder  
  132  11:52  Siege Tank  
  139  11:55  Planetary Fortress  
  139  11:59  Marauder, Medivac  
  139  12:00  Medivac  
  145  12:07  Starport  
  144  12:10  Barracks Reactor  
  144  12:11  Marine, Siege Tank  
  148  12:17  Missile Turret  
  148  12:18  Marine  
  148  12:19  Marine  
  148  12:20  Marine x3  
  148  12:21  Marauder x3  
  159  12:24  Siege Tank  
  159  12:28  Ghost Academy  
  162  12:43  Siege Tank  
  154  13:22  Marine x7  
  154  13:23  Marine x5  
  126  13:28  Marine  
  117  13:40  Marine x12  
  109  13:46  Marine  
Tags
 
Composition
Bio Tank
Matchup
TvZ
Spawn Locations
Cross Positions
Add a new tag
Caveats
  • Supply blocks, unpowered buildings, or Contaminate may cause inaccurate times.
  • Supply counts are checked every 10 seconds.